 Dungeon Crawl Stone Soup version 0.16.0-8-gd9ae3a8 (console) character file.

205 gw the Grave Robber (level 6, -4/39 HPs)
             Began as a Human Necromancer on Mar 16, 2015.
             Slain by a gnoll shaman
             ... wielding a +0 whip
              (7 damage)
             ... on level 4 of the Dungeon.
             The game lasted 00:03:52 (4280 turns).

gw the Grave Robber (Human Necromancer)             Turns: 4280, Time: 00:03:53

Health: -4/39      AC:  8    Str:  8    XL:     6   Next: 10%
Magic:  9/13       EV: 12    Int: 18    God:
Gold:   164        SH:  0    Dex: 15    Spells: 4 memorised, 4 levels left

rFire  . . .     SeeInvis .     a - +0 war axe
rCold  . . .     Clarity  .     h - +0 leather armour
rNeg   . . .     SustAb   .     (no shield)
rPois  +         Gourm    .     e - +0 helmet
rElec  .         Spirit   .     o - +0 cloak
rCorr  .         Warding  .     i - +2 pair of gloves
rMut   .         Stasis   .     (no boots)
MR     .....                    k - amulet of faith
Stlth  ++........               (no ring)
                                (no ring)

@: lethally poisoned (-4 -> -19), not resistant to hostile enchantments,
unstealthy
A: agile 1, frail 1, poison resistance
a: no special abilities


You were on level 4 of the Dungeon.
You were hungry.

You visited 1 branch of the dungeon, and saw 4 of its levels.

You collected 164 gold pieces.

Inventory:

Hand weapons
 a - a +0 war axe (weapon)
Missiles
 d - 27 bolts
Armour
 e - a +0 helmet (worn)
 h - a +0 leather armour (worn)
 i - a +2 pair of gloves (worn)
 o - a +0 cloak (worn)
Jewellery
 k - an amulet of faith (around neck)
Scrolls
 f - 3 scrolls of remove curse
 n - a scroll of identify
 p - a scroll of blinking {unknown}
Potions
 l - a potion of berserk rage {unknown}
 m - a potion of haste {unknown}
Books
 b - a book of Necromancy

   Spells                             Type                      Level
   a - Pain                           Necromancy                   1
   b - Animate Skeleton               Necromancy                   1
   c - Vampiric Draining              Necromancy                   3
   d - Regeneration                   Charms/Necromancy            3
   e - Animate Dead                   Necromancy                   4
   f - Control Undead                 Necromancy                   4
Comestibles
 c - 2 bread rations
 g - a fruit
 j - 4 chunks of flesh


   Skills:
 + Level 1.8 Fighting
 + Level 1.5 Axes
 + Level 1.7 Armour
 - Level 2.0 Dodging
 - Level 2.0 Stealth
 * Level 3.8 Spellcasting
 + Level 4.5 Necromancy


You had 4 spell levels left.
You knew the following spells:

 Your Spells              Type           Power        Failure   Level  Hunger
a - Pain                  Necr           ###.         3%          1    None
b - Animate Skeleton      Necr           N/A          3%          1    None
c - Vampiric Draining     Necr           ###.......   12%         3    ###....
d - Regeneration          Chrm/Necr      ##........   28%         3    ###....


Dungeon Overview and Level Annotations

Branches:
Dungeon (4/15)
 Temple: D:4-7

Altars:
Fedhas
Okawaru


Innate Abilities, Weirdness & Mutations

You are agile. (Dex +2)
You are frail (-10% HP).
Your system is resistant to poisons.


Message History

The worm bites you.
Your orc skeleton hits the gnoll from afar with a trident.
The gnoll closely misses you. The gnoll barely misses you.
The gnoll shaman utters an invocation to its god.
The gnoll shaman is healed somewhat.
Unknown command.
Unknown command.
Unknown command.
Unknown command.
Casting: Animate Skeleton
Confirm with . or Enter, or press ? or * to list all spells.
Aiming: Vampiric Draining
Press: ? - help, Shift-Dir - straight line, f - gnoll
Aim: a gnoll The gnoll is severely wounded.
You feel life coursing into your body.
You feel sick.
The gnoll hits you from afar with a spear.
The giant gecko barely misses you. The worm barely misses you.
The gnoll closely misses you. The gnoll shaman hits you with a whip!
You die...

.....# # ...### .#.. ...#
###....# .... ##...#....
.##. ##.......... .#
.###........... ####
..P.P..g(...).. .... #.
.P7gglg...... .## .##?.
7.Ppw....... ..## .#
..777P.Z.#...... ...###.#
#P7.P...# >... .....#.##
##......##....
.Z_>....#.##.#..........
..#Z....#.##..).7P7..##
#.#.Z......###[777P..# #
#.##.##.....##..PPPP.#..
#.##.....................


You could see a worm, a gnoll shaman, 3 gnolls, a giant gecko and a friendly orc
skeleton.

Table legend:
 A = Turns spent in this place as a percentage of turns spent in the entire game.
 B = Non-inter-level travel turns spent in this place as a percentage of non-inter-level travel turns spent in the entire game.
 C = Inter-level travel turns spent in this place as a percentage of turns spent in this place.
 D = Turns resting spent in this place as a percentage of non-inter-level travel turns spent in this place.
 E = Turns spent auto-exploring this place as a percentage of non-inter-level travel turns spent in this place.
 F = Non-inter-level travel turns spent in this place divided by the number of levels of this place that you've seen.
                   A       B       C       D       E      F
               +-------+-------+-------+-------+-------+----------------------
         Total | 100.0 | 100.0 |   0.9 |   2.6 |   2.4 | 1363.0
       Dungeon | 100.0 | 100.0 |   0.9 |   2.6 |   2.4 | 1363.0
               +-------+-------+-------+-------+-------+----------------------

Table legend:
 A = Kills in this place as a percentage of kills in entire the game.
 B = Kills by you in this place as a percentage of kills by you in the entire game.
 C = Kills by friends in this place as a percentage of kills by friends in the entire game.
 D = Other kills in this place as a percentage of other kills in the entire game.
 E = Experience gained in this place as a percentage of experience gained in the entire game.
 F = Experience gained in this place divided by the number of levels of this place that you have seen.
                   A       B       C       D       E      F
               +-------+-------+-------+-------+-------+----------------------
         Total | 100.0 | 100.0 | 100.0 |  -nan | 100.0 |  73.5
       Dungeon | 100.0 | 100.0 | 100.0 |  -nan | 100.0 |  73.5
               +-------+-------+-------+-------+-------+----------------------

Vanquished Creatures
  A hound (D:4)
  A worker ant (D:4)
  Jessica (D:2)
  2 gnolls (D:4)
  2 adders (D:3)
  A giant gecko (D:1)
  An ooze (D:1)
  4 orcs (D:4)
  A ball python (D:1)
  A bat skeleton (D:1)
  6 goblins
  6 hobgoblins
  3 jackals
  5 bats
  5 giant cockroaches
  A giant newt (D:2)
  4 kobolds (D:2)
  A quokka skeleton (D:4)
  7 rats
53 creatures vanquished.

Vanquished Creatures (collateral kills)
  An orc priest (D:4)
  2 adders
  A giant mite (D:3)
  A kobold (D:2)
  A quokka (D:4)
  A giant newt (D:2)
  A goblin (D:4)
  A rat (D:2)
9 creatures vanquished.

Vanquished Creatures (others)
  A hound skeleton (D:4)
  An adder skeleton (D:4)
  A bat skeleton (D:3)
  A goblin skeleton (D:4)
  3 kobold skeletons (D:2)
  3 orc skeletons (D:4)
10 creatures vanquished.

Grand Total: 72 creatures vanquished

Notes
Turn   | Place    | Note
--------------------------------------------------------------
     0 | D:1      | gw, the Human Necromancer, began the quest for the Orb.
     0 | D:1      | Reached XP level 1. HP: 13/13 MP: 3/3
     2 | D:1      | Learned a level 1 spell: Animate Skeleton
   425 | D:1      | Reached XP level 2. HP: 18/20 MP: 4/4
  1274 | D:2      | Noticed Jessica
  1280 | D:2      | Killed Jessica
  1280 | D:2      | Reached skill level 1 in Fighting
  1280 | D:2      | Reached XP level 3. HP: 8/26 MP: 6/6
  1508 | D:2      | Learned a level 3 spell: Vampiric Draining
  2161 | D:2      | Reached XP level 4. HP: 32/32 MP: 8/8
  2177 | D:2      | Learned a level 3 spell: Regeneration
  2366 | D:2      | Reached skill level 1 in Axes
  2592 | D:3      | Reached skill level 1 in Armour
  3177 | D:3      | Found an iron altar of Okawaru.
  3689 | D:3      | Gained mutation: Your system is resistant to poisons. [potion of mutation]
  3689 | D:3      | Gained mutation: You are frail (-10% HP). [potion of mutation]
  3689 | D:3      | Gained mutation: You are agile. (Dex +2) [potion of mutation]
  3764 | D:4      | Reached XP level 5. HP: 27/33 MP: 11/11
  4050 | D:4      | Found a blossoming altar of Fedhas.
  4275 | D:4      | Reached XP level 6. HP: 33/39 MP: 11/13
  4280 | D:4      | Slain by a gnoll shaman

Action                   |  1- 3 |  4- 6 || total
-------------------------+-------+-------++-------
Melee: Hand axe          |    67 |    66 ||   133
       War axe           |       |    28 ||    28
 Cast: Animate Skeleton  |    12 |    15 ||    27
       Vampiric Draining |       |     3 ||     3
  Use: Potion            |     3 |     3 ||     6
       Scroll            |     1 |     6 ||     7
 Stab: Distracted        |     1 |     1 ||     2
  Eat: Chunk             |     4 |     7 ||    11

Vault maps used:
D:1:      lightli_arrival_statuegarden, minmay_misc_feat_alley
D:2:      minmay_strange_pillars, hangedman_decor_growths, uniq_jessica
D:3:      overflow_temple_1_default, first_bread
D:4:      overflow_temple_1_default, kennysheep_little_box, serial_forest,
          infiniplex_forest_split, infiniplex_forest_clump_small,
          infiniplex_forest_clump_small, infiniplex_forest_clump_double,
          infiniplex_forest_clump_small, infiniplex_forest_lined_3,
          infiniplex_forest_lined_corner, infiniplex_forest_clump_large,
          infiniplex_forest_lined_2, serial_shops, shop, uniq_pikel
